 Dungeon Crawl Stone Soup version 0.31-a0-196-g86fe4a5e66 (webtiles) character file.

Game seed: 3218692718794679473

216 qw the Skirmisher (level 5, -1/29 HPs)
             Began as a Deep Elf Hunter on June 24, 2023.
             Was an Initiate of Okawaru.
             Slain by a gnoll
             ... wielding a +0 whip
             ... led by a gnoll bouda
              (7 damage)
             ... on level 4 of the Dungeon.
             The game lasted 00:00:50 (2450 turns).

qw the Skirmisher (Deep Elf Hunter)                 Turns: 2450, Time: 00:00:50

Health: -1/29      AC:  7    Str: 10    XL:     5   Next: 61%
Magic:  7/7        EV: 14    Int: 14    God:    Okawaru [......]
Gold:   166        SH:  0    Dex: 18    Spells: 4/4 levels left

rFire   . . .        Y - +0 shortbow
rCold   . . .        (shield currently unavailable)
rNeg    . . .        j - +0 scale mail
rPois   .            a - +0 helmet
rElec   .            (no cloak)
rCorr   .            (no gloves)
SInv    .            (no boots)
Will    .....        d - amulet of the acrobat
Stlth   +            e - +5 ring of evasion
HPRegen 0.24/turn    (no ring)
MPRegen 0.10/turn

%: acrobat
@: weakened
A: no striking features
a: Renounce Religion


You were on level 4 of the Dungeon.
You worshipped Okawaru.
Okawaru was noncommittal.
You visited 1 branch of the dungeon, and saw 4 of its levels.

You collected 166 gold pieces.


   Skills:
 - Level 1.5 Fighting
 - Level 9.0 Ranged Weapons
 + Level 0.8 Armour
 - Level 2.4 Dodging
 - Level 1.2 Stealth


You had 4 spell levels left.
You didn't know any spells.
Your spell library was empty.

Inventory:

Hand Weapons
 Y - a +0 shortbow (weapon)
Armour
 a - a +0 helmet (worn)
 j - a +0 scale mail (worn)
 k - a +0 ring mail
Jewellery
 d - an amulet of the acrobat (around neck)
 e - a +5 ring of evasion (left hand)
Scrolls
 c - a scroll of fear {unknown}
 f - a scroll of poison {unknown}
 l - a scroll of identify
Potions
 b - a potion of curing {unknown}
 g - a potion of berserk rage {unknown}
 h - 2 potions of invisibility {unknown}
 i - a potion of brilliance {unknown}

Dungeon Overview and Level Annotations

Branches:
Dungeon (4/15)
 Temple: D:4-7

Altars:
Fedhas
Okawaru
Zin

Annotations:
D:3 1 runed translucent door, Crazy Yiuf


Message History

The arrow hits the gnoll.
The gnoll is severely wounded.
A kobold comes into view.
It is wielding a +0 whip and quivering poisoned darts.
The gnoll hits you but does no damage.
The gnoll bouda calls upon its god to heal the gnoll.
The gnoll is healed somewhat.
The gnoll hits you but does no damage.
You shoot an arrow. The arrow hits the gnoll!
The gnoll is almost dead.
The gnoll closely misses you.
You shoot an arrow. The arrow hits the gnoll.
You kill the gnoll!
Okawaru accepts your kill.
You shoot an arrow. The arrow hits the gnoll.
The gnoll is heavily wounded.
The gnoll hits you with a +0 club. The gnoll completely misses you.
You shoot an arrow. The arrow barely misses the gnoll.
The gnoll hits you with a +0 club.
An endoplasm comes into view.
You shoot an arrow. The arrow closely misses the gnoll.
The gnoll barely misses you.
The gnoll bouda hits you with a +0 club!
The gnoll closely misses you.
You shoot an arrow. The arrow hits the gnoll.
The gnoll is almost dead.
You shoot an arrow. The arrow hits the gnoll.
You kill the gnoll!
Okawaru accepts your kill.
You shoot an arrow.
The arrow hits the gnoll bouda but does no damage.
The gnoll hits you from afar with a +0 spear.
The gnoll misses you.
The gnoll bouda hits you but does no damage.
The gnoll hits you with a +0 whip! The gnoll hits you but does no damage.
You shoot an arrow.
The arrow hits the gnoll bouda but does no damage.
The gnoll bouda gazes fiercely through you!
You feel your attacks grow feeble. The gnoll bouda closely misses you.
The gnoll misses you. The gnoll hits you with a +0 whip!
You die...

# ##.####
#.Jgg@#
.....##g#
.#. #.#
#.# #.#
#.# . #.#
.####
..#.##
....#.#
..#..#


You could see a gnoll bouda, 2 gnolls and an endoplasm.

Vanquished Creatures
  An ogre (D:3)
  A sleepcap (D:4)
  2 gnolls (D:4)
  2 adders
  A worm (D:2)
  A dart slug (D:1)
  3 bats
  4 endoplasms
  A giant cockroach (D:1)
  4 goblins
  13 hobgoblins
  7 jackals
  6 kobolds
  A quokka (D:1)
  4 ball pythons
  2 frilled lizards
  4 rats
57 creatures vanquished.

Notes
Turn   | Place    | Note
-------+----------+-------------------------------------------
     0 | D:1      | qw the Deep Elf Hunter began the quest for the Orb.
     0 | D:1      | Reached XP level 1. HP: 12/12 MP: 3/3
     0 | D:1      | 0 ||| qw: Version: 0.3-a-9-g12657ce
     0 | D:1      | 0 ||| qw: Game counter: 4836
     0 | D:1      | 0 ||| qw: Always use a shield: true
     0 | D:1      | 0 ||| qw: God list: Okawaru
     0 | D:1      | 0 ||| qw: Allow faded altars: false
     0 | D:1      | 0 ||| qw: Do Orc after D:15 true
     0 | D:1      | 0 ||| qw: Do second Lair branch before Depths: true
     0 | D:1      | 0 ||| qw: Lair rune preference: random
     0 | D:1      | 0 ||| qw: Plans: Normal
     0 | D:1      | 0 ||| PLANNING D:1-11
   158 | D:1      | Reached skill level 6 in Ranged Weapons
   158 | D:1      | Reached XP level 2. HP: 16/16 MP: 4/4
   424 | D:1      | Reached XP level 3. HP: 20/20 MP: 5/5
   635 | D:1      | 635 ||| UPGRADING to amulet of the acrobat.
   640 | D:1      | 640 ||| READING scroll labelled VIXKIG EGIE.
   641 | D:1      | 641 ||| READING scroll labelled HELAMP WOUMIYMA.
   642 | D:1      | 642 ||| DROPPING scroll of butterflies.
   694 | D:2      | Found a faded altar of an unknown god.
   886 | D:2      | HP: 2/20 [worm (8)]
  1110 | D:2      | Reached skill level 7 in Ranged Weapons
  1705 | D:2      | 1705 ||| UPGRADING to +0 helmet.
  1710 | D:2      | 1710 ||| UPGRADING to +5 ring of evasion.
  1711 | D:2      | 1711 ||| READING scroll labelled VAGUAS INUPHUH.
  1712 | D:2      | 1712 ||| READING scroll labelled IKUNUVACZE.
  1774 | D:3      | Found a blossoming altar of Fedhas.
  1775 | D:3      | Found an iron altar of Okawaru.
  1775 | D:3      | Found a glowing silver altar of Zin.
  1776 | D:3      | 1776 ||| PLANNING OKAWARU WORSHIP
  1792 | D:3      | Became a worshipper of Warmaster Okawaru
  1793 | D:3      | 1793 ||| PLANNING D:1-11
  1917 | D:3      | Found a runed translucent door.
  1918 | D:3      | Noticed Crazy Yiuf
  1947 | D:3      | Reached XP level 4. HP: 25/25 MP: 6/6
  1972 | D:3      | Noticed an ogre
  1980 | D:3      | Killed an ogre
  1981 | D:3      | Reached skill level 8 in Ranged Weapons
  1981 | D:3      | Reached XP level 5. HP: 29/29 MP: 7/7
  2083 | D:3      | 2083 ||| UPGRADING to +0 scale mail.
  2093 | D:3      | 2093 ||| DROPPING +0 leather armour.
  2094 | D:3      | 2094 ||| READING 2 scrolls labelled ROTWOS XAHUU.
  2095 | D:3      | 2095 ||| DRINKING 3 bubbling ruby potions.
  2114 | D:3      | 2114 ||| DROPPING scroll of vulnerability.
  2115 | D:3      | 2115 ||| DROPPING 2 potions of lignification.
  2302 | D:4      | HP: 1/29 [sleepcap (15)]
  2304 | D:4      | Reached skill level 9 in Ranged Weapons
  2449 | D:4      | HP: 6/29 [gnoll/+0 whip[a gnoll bouda] (8)]
  2450 | D:4      | Slain by a gnoll

Levels and vault maps discovered:
D:1:      ncdulo_smallfort, layout_loops_ring, feat_on_display
D:2:      layout_basic, ebering_ecumenical_altar_box
D:3:      layout_rooms, grunt_temple_overflow_open, uniq_crazy_yiuf_cottage
D:4:      layout_loops_ring, mainiacjoe_overflow_surrounded_room

Skill      XL: |  1  2  3  4  5 |
---------------+----------------+-----
Ranged Weapons | 6 7 8 9 |  9.0
Fighting       | |  1.5
Armour         | |  0.8
Dodging        | |  2.4
Stealth        | |  1.2

Action                     |  1- 3 |  4- 6 || total
---------------------------+-------+-------++-------
   Fire: Shortbow          |   137 |    50 ||   187
    Use: Scroll            |     4 |     1 ||     5
         Potion            |       |     1 ||     1
 Armour: Leather armour    |    12 |       ||    12
         Scale mail        |       |     8 ||     8
  Dodge: Dodged            |    23 |    18 ||    41

Table legend:
 A = Non-vault XP
 B = Vault XP
 C = Vault XP percentage of total XP
 D = Non-vault monster count
 E = Vault monster count
 F = Vault count percentage of total count
                 A         B        C        D         E       F
            +---------+---------+-------+---------+---------+-------
      Total |     309 |       0 |   0.0 |      57 |       0 |   0.0
            +---------+---------+-------+---------+---------+-------
        D:1 |      46 |       0 |   0.0 |      24 |       0 |   0.0
        D:2 |      41 |       0 |   0.0 |      16 |       0 |   0.0
        D:3 |     144 |       0 |   0.0 |       8 |       0 |   0.0
        D:4 |      78 |       0 |   0.0 |       9 |       0 |   0.0
            +---------+---------+-------+---------+---------+-------
